 Dungeon Crawl Stone Soup version 0.30-a0-743-gbfdf073431 (webtiles) character file.

Game seed: 10315281053287278476

92 FlurksSlurper the Slasher (level 4, -2/34 HPs)
             Began as a Demonspawn Gladiator on Feb 8, 2023.
             Slain by Grinder (9 damage)
             ... on level 3 of the Dungeon.
             The game lasted 00:02:45 (1809 turns).

FlurksSlurper the Slasher (Demonspawn Gladiator)    Turns: 1809, Time: 00:02:46

Health: -2/34      AC:  7    Str: 17    XL:     4   Next: 35%
Magic:  4/4        EV: 10    Int:  9    God:
Gold:   70         SH:  0    Dex: 14    Spells: 3/3 levels left

rFire   . . .      SeeInvis .    a - +0 long sword
rCold   . . .      Faith    .    (no shield)
rNeg    . . .      Spirit   .    q - +0 scale mail
rPois   .          Reflect  .    (helmet restricted)
rElec   .          Harm     .    o - +0 cloak
rCorr   .          Rampage  .    (no gloves)
Will    .....                    (no boots) Stlth
                                 (no amulet)
HPRegen 0.25/turn                (no ring)
MPRegen 0.09/turn                (no ring)

@: no status effects
A: horns 1, ignite blood 1
a: no special abilities


You were on level 3 of the Dungeon.
You visited 1 branch of the dungeon, and saw 3 of its levels.

You collected 70 gold pieces.

Inventory:

Hand Weapons
 a - a +0 long sword (weapon)
Missiles
 d - 4 throwing nets (quivered)
 e - a javelin
Armour
 o - a +0 cloak (worn)
 q - a +0 scale mail (worn)
Scrolls
 b - a scroll of fog {unknown}
 f - a scroll of enchant weapon {unknown}
 h - 2 scrolls of enchant armour {unknown}
 i - a scroll of teleportation {unknown}
 j - 2 scrolls of blinking {unknown}
 k - a scroll of poison {unknown}
 l - a scroll of butterflies {unknown}
 n - a scroll of identify {unknown}
 p - 2 scrolls of immolation {unknown}
 t - a scroll of silence {unknown}
 u - a scroll of noise {unknown}
Potions
 c - a potion of curing {unknown}
 g - a potion of haste {unknown}
 m - a potion of experience {unknown}
 r - a potion of degeneration {unknown}


   Skills:
 * Level 2.5 Fighting
 + Level 3.5 Long Blades
 + Level 1.9 Throwing
 + Level 1.1 Armour
 + Level 3.0 Dodging
 + Level 0.1 Stealth
 * Level 1.3 Unarmed Combat


You had 3 spell levels left.
You didn't know any spells.
Your spell library contained the following spells:

 Spells                   Type           Power      Damage    Failure   Level
 Kiss of Death            Conj/Necr      0%         2d5       82%         1
 Confusing Touch          Hex            0%         N/A       99%         3
 Dispel Undead            Necr           0%         3d6       100%        4


Dungeon Overview and Level Annotations

Branches:
Dungeon (3/15)

Altars:

Annotations:
D:3 Grinder


Innate Abilities, Weirdness & Mutations

You have a pair of small horns on your head.
Your demonic aura sometimes causes spilled blood to erupt in flames.


Message History

Aim: Grinder (55% to hit)
You throw a poisoned dart. The poisoned dart hits Grinder.
Throw: 3 darts (poison)
Press: ? - help, Shift-Dir - straight line, f/p - Grinder
Aim: Grinder (55% to hit)
You throw a poisoned dart. The poisoned dart hits Grinder.
Throw: 2 darts (poison)
Press: ? - help, Shift-Dir - straight line, f/p - Grinder
Aim: Grinder (55% to hit)
You throw a poisoned dart.
The poisoned dart barely misses Grinder.
Grinder says, "FISH!"
Grinder gestures at you.
You suddenly lose the ability to move!
You can move again.
Throw: dart (poison)
Press: ? - help, Shift-Dir - straight line, f/p - Grinder
Aim: Grinder (55% to hit)
You throw a poisoned dart.
The poisoned dart closely misses Grinder.
You barely miss Grinder. Grinder barely misses you.
You barely miss Grinder. You punch Grinder.
Grinder is lightly wounded.
Grinder hits you.
You writhe in agony.
Grinder closely misses you.
You barely miss Grinder.
Grinder is lightly wounded.
Grinder hits you!
You writhe in agony.
You hit Grinder. You headbutt Grinder.
Grinder is lightly wounded.
Grinder says, "Mostly I couldn't keep them alive."
Grinder gestures at you. You resist with significant effort.
You slash Grinder! Your headbutt misses Grinder.
Grinder is moderately wounded.
Grinder hits you.
You writhe in agony.
* * * LOW HITPOINT WARNING * * *
You slash Grinder! You headbutt Grinder, but do no damage.
Grinder is heavily wounded.
Grinder hits you!
You die...

## .. #( #( +.
#5#################
#.@........##......
#.########.##......
## #.##......
#.##......
###.##......
#...........
#.#.......## .
##...........
....##...######.##


You could see Grinder.

Vanquished Creatures
  An iguana (D:3)
  2 adders (D:2)
  A gnoll (D:1)
  A worm (D:2)
  A dart slug (D:2)
  3 ball pythons (D:1)
  2 endoplasms
  A giant cockroach (D:1)
  2 hobgoblins (D:1)
  3 jackals (D:2)
  8 kobolds
  2 quokkas (D:1)
  A bat (D:2)
  2 frilled lizards
  4 goblins
  A rat (D:1)
35 creatures vanquished.

Notes
Turn   | Place    | Note
-------+----------+-------------------------------------------
     0 | D:1      | FlurksSlurper the Demonspawn Gladiator began the quest for
                  | the Orb.
     0 | D:1      | Reached XP level 1. HP: 16/16 MP: 1/1
    76 | D:1      | Gained mutation: You have a pair of small horns on your
                  | head. [demonic ancestry]
    76 | D:1      | Reached XP level 2. HP: 7/22 MP: 2/2
   561 | D:1      | Reached XP level 3. HP: 14/27 MP: 3/3
  1131 | D:2      | Reached skill level 1 in Unarmed Combat
  1612 | D:2      | Gained mutation: Your demonic aura sometimes causes spilled
                  | blood to erupt in flames. [demonic ancestry]
  1612 | D:2      | Reached XP level 4. HP: 26/34 MP: 4/4
  1759 | D:3      | Reached skill level 1 in Armour
  1796 | D:3      | Noticed Grinder
  1799 | D:3      | Paralysed by Grinder for 2 turns
  1809 | D:3      | Slain by Grinder

Illustrated notes

Levels and vault maps discovered:
D:1:      spicycebolla_green_bress_n_ham_2, layout_loops_cross
D:2:      layout_loops_ring
D:3:      layout_basic, grunt_qazlal_clouds,
          nicolae_ru_great_annihilating_truth, mainiacjoe_overflow_catwalk,
          ebering_ghost_disaster_area, uniq_grinder, uniq_ijyb

Skill      XL: |  1  2  3  4 |
---------------+-------------+-----
Long Blades    | 3 |  3.5
Dodging        | 3 |  3.0
Unarmed Combat | 1 |  1.3
Armour         | 1 |  1.1
Fighting       | |  2.5
Throwing       | |  1.9
Stealth        | |  0.1

Action                     |  1- 3 |  4- 6 || total
---------------------------+-------+-------++-------
  Melee: Long sword        |    93 |    11 ||   104
         Headbutt          |    15 |     2 ||    17
         Punch             |       |     1 ||     1
  Throw: Dart              |       |     4 ||     4
   Stab: Sleeping          |     1 |       ||     1
 Armour: Leather armour    |    15 |       ||    15
         Scale mail        |    21 |       ||    21
  Dodge: Dodged            |    47 |     5 ||    52

Table legend: (Time is in decaauts)
 A = Elapsed time spent in this place.
 B = Non-inter-level travel time spent in this place.
 C = Inter-level travel time spent in this place.
 D = Time resting spent in this place.
 E = Time spent auto-exploring this place.
 F = Levels seen in this place.
 G = Mean time per level.
                   A        B        C        D        E       F      G
               +--------+--------+--------+--------+--------+-----+--------+
         Total |   1835 |   1770 |     65 |    162 |   1265 |   3 |  611.7 |
       Dungeon |   1835 |   1770 |     65 |    162 |   1265 |   3 |  611.7 |
               +--------+--------+--------+--------+--------+-----+--------+

Top non-repeatable levels by time:
     D:1: 890 daAuts
     D:2: 868 daAuts
     D:3: 75 daAuts
